 Dungeon Crawl Stone Soup version 0.31-a0-167-g1c394c0614 (webtiles) character file.

Game seed: 9827037820833367406

72 qw the Shooter (level 4, -5/28 HPs)
             Began as a Gargoyle Hunter on June 14, 2023.
             Slain by a gnoll
             ... wielding a +0 flail
              (8 damage)
             ... on level 2 of the Dungeon.
             The game lasted 00:00:28 (1080 turns).

qw the Shooter (Gargoyle Hunter)                    Turns: 1080, Time: 00:00:28

Health: -5/28      AC:  7    Str: 14    XL:     4   Next: 26%
Magic:  4/4        EV: 11    Int: 10    God:
Gold:   59         SH:  0    Dex: 15    Spells: 3/3 levels left

rFire   . . .        Y - +0 shortbow
rCold   . . .        (shield currently unavailable)
rNeg    + . .        c - +0 leather armour
rPois   inf          (no helmet)
rElec   +            (no cloak)
rCorr   .            (no gloves)
SInv    .            f - +0 pair of boots
Will    .....        (no amulet)
Stlth   ++           (no ring)
HPRegen 0.24/turn    (no ring)
MPRegen 0.09/turn

%: no passive effects
@: no status effects
A: sickness immunity, AC +3, negative energy resistance 1, electricity
resistance, torment resistance 1, petrification resistance
a: no special abilities


You were on level 2 of the Dungeon.
You visited 1 branch of the dungeon, and saw 2 of its levels.

You collected 59 gold pieces.


Innate Abilities, Weirdness & Mutations

You are immune to sickness and miasma.
Your stone body is resilient. (AC +3)
You are immune to poison.
You resist negative energy. (rN+)
You are resistant to electric shocks. (rElec)
You are resistant to unholy torment.
You are immune to petrification.


   Skills:
 - Level 3.0 Fighting
 + Level 5.3 Ranged Weapons
 - Level 1.5 Dodging
 - Level 1.1 Stealth


You had 3 spell levels left.
You didn't know any spells.
Your spell library was empty.

Inventory:

Hand Weapons
 Y - a +0 shortbow (weapon)
Armour
 b - a +0 helmet
 c - a +0 leather armour (worn)
 f - a +0 pair of boots (worn)
Scrolls
 a - 2 scrolls of identify
 d - a scroll of teleportation {unknown}
Potions
 g - a potion of attraction {unknown}
 h - 2 potions of berserk rage {unknown}

Dungeon Overview and Level Annotations

Branches:
Dungeon (2/15)

Altars:
Makhleb


Message History

The arrow hits the gnoll.
The gnoll is severely wounded.
You shoot an arrow. The arrow barely misses the gnoll.
The arrow closely misses the gnoll.
A gnoll comes into view. It is wielding a +0 flail.
A giant cockroach comes into view.
You shoot an arrow. The arrow barely misses the gnoll.
The arrow hits the gnoll.
The gnoll is moderately wounded.
You shoot an arrow. The arrow barely misses the gnoll.
You shoot an arrow. The arrow closely misses the gnoll.
The arrow closely misses the giant cockroach.
The gnoll misses you.
You shoot an arrow. The arrow hits the giant cockroach!
You kill the giant cockroach!
The gnoll misses you.
You shoot an arrow. The arrow barely misses the gnoll.
The arrow hits the gnoll!
The gnoll is heavily wounded.
The gnoll hits you from afar with a +0 halberd of venom.
The gnoll closely misses you.
You shoot an arrow.
The arrow hits the gnoll but does no damage.
The gnoll is heavily wounded.
You shoot an arrow. The arrow barely misses the gnoll.
The arrow hits the gnoll.
The gnoll is almost dead.
The gnoll hits you with a +0 flail!
You shoot an arrow. The arrow hits the gnoll.
The gnoll is severely wounded.
The gnoll barely misses you.
You shoot an arrow. The arrow hits the gnoll.
The gnoll is almost dead.
The gnoll hits you from afar with a +0 halberd of venom!
You shoot an arrow. The arrow hits the gnoll!
You kill the gnoll!
The gnoll hits you but does no damage. The gnoll misses you.
The gnoll closely misses you. The gnoll barely misses you.
You shoot an arrow. The arrow hits the gnoll.
The gnoll is severely wounded.
The gnoll hits you from afar with a +0 halberd of venom.
The gnoll hits you with a +0 flail!
You die...

....# |..# ...# #..#
#..# #g.# #g)# .. #.#
#@## #.##..#.# #..#
###....##.~ #..#
#.........~
####..#####.........~
#........##..<......~
#........##..>.....~~
#.........#........~~
#..........##%.#.##~~
#########........#~~~


You could see 2 gnolls.

Vanquished Creatures
  4 gnolls (D:2)
  3 dart slugs
  A ball python (D:1)
  A bat (D:1)
  2 endoplasms (D:2)
  A giant cockroach (D:2)
  5 goblins
  4 hobgoblins
  2 kobolds (D:1)
  A frilled lizard (D:1)
  2 rats
26 creatures vanquished.

Notes
Turn   | Place    | Note
-------+----------+-------------------------------------------
     0 | D:1      | qw the Gargoyle Hunter began the quest for the Orb.
     0 | D:1      | Reached XP level 1. HP: 12/12 MP: 1/1
     0 | D:1      | 0 ||| qw: Version: 0.2-a-29-g1fa15c8
     0 | D:1      | 0 ||| qw: Game counter: 4971
     0 | D:1      | 0 ||| qw: Always use a shield: true
     0 | D:1      | 0 ||| qw: God list: Okawaru
     0 | D:1      | 0 ||| qw: Allow faded altars: false
     0 | D:1      | 0 ||| qw: Do Orc after D:15 true
     0 | D:1      | 0 ||| qw: Do second Lair branch before Depths: true
     0 | D:1      | 0 ||| qw: Lair rune preference: random
     0 | D:1      | 0 ||| qw: Plans: Normal, Zot:1-4, Slime:5, God:TSO, Crypt,
                  | Tomb, Abyss, Pan, Hells, Win
     0 | D:1      | 0 ||| PLANNING D:1-11
   214 | D:1      | Reached XP level 2. HP: 12/17 MP: 2/2
   329 | D:1      | 329 ||| FLEEEEING.
   330 | D:1      | 330 ||| FLEEEEING.
   802 | D:1      | 802 ||| UPGRADING to +0 pair of boots.
   807 | D:1      | 807 ||| READING 3 scrolls labelled TIKAICYSHEY.
   808 | D:1      | 808 ||| READING scroll labelled TEACRU ADWUOGU.
   821 | D:1      | 821 ||| READING scroll labelled JIELEO TIUGU.
   822 | D:1      | 822 ||| READING 2 scrolls of identify.
   822 | D:1      | 822 ||| IDENTIFYING smoky ruby potion
   823 | D:1      | 823 ||| DROPPING scroll of butterflies.
   824 | D:1      | 824 ||| DROPPING potion of degeneration.
   846 | D:2      | 846 ||| STAIRDANCE
   861 | D:2      | Reached XP level 3. HP: 21/21 MP: 3/3
   894 | D:2      | Found a burning altar of Makhleb.
   937 | D:2      | 937 ||| Stepping ~*~*~tactically~*~*~ (water).
   939 | D:2      | 939 ||| Stepping ~*~*~tactically~*~*~ (water).
   941 | D:2      | 941 ||| Stepping ~*~*~tactically~*~*~ (water).
   943 | D:2      | 943 ||| Stepping ~*~*~tactically~*~*~ (water).
   945 | D:2      | 945 ||| Stepping ~*~*~tactically~*~*~ (water).
   955 | D:2      | Reached skill level 5 in Ranged Weapons
   991 | D:2      | Reached skill level 3 in Fighting
   991 | D:2      | Reached XP level 4. HP: 28/28 MP: 4/4
  1080 | D:2      | HP: 3/28 [gnoll/+0 halberd of venom (6)]
  1080 | D:2      | Slain by a gnoll

Levels and vault maps discovered:
D:1:      minmay_arrival_three_doors, layout_loops_ring, dk_noncrumbling_4,
          nicolae_figureground_pulse
D:2:      wander_river, layout_rooms, basic_altar

Skill      XL: |  1  2  3 |
---------------+----------+-----
Ranged Weapons | 5 |  5.3
Fighting       | 3 |  3.0
Dodging        | |  1.5
Stealth        | |  1.1

Action                     |  1- 3 |  4- 6 || total
---------------------------+-------+-------++-------
   Fire: Shortbow          |    82 |    21 ||   103
    Use: Scroll            |     4 |       ||     4
 Armour: Leather armour    |     7 |     2 ||     9
  Dodge: Dodged            |    11 |     8 ||    19

Table legend:
 A = Non-vault XP
 B = Vault XP
 C = Vault XP percentage of total XP
 D = Non-vault monster count
 E = Vault monster count
 F = Vault count percentage of total count
                 A         B        C        D         E       F
            +---------+---------+-------+---------+---------+-------
      Total |     104 |       0 |   0.0 |      26 |       0 |   0.0
            +---------+---------+-------+---------+---------+-------
        D:1 |      26 |       0 |   0.0 |      12 |       0 |   0.0
        D:2 |      78 |       0 |   0.0 |      14 |       0 |   0.0
            +---------+---------+-------+---------+---------+-------
